 Dungeon Crawl Stone Soup version 0.12.2-14-g7c90c79 (webtiles) character file.

219 MarVin the Covered (level 3, 30/30 HPs)
             Began as a Demonspawn Fighter on Aug 5, 2013.
             Quit the game on Level 3 of the Dungeon.
             The game lasted 00:06:03 (1487 turns).

MarVin the Covered (Demonspawn Fighter)             Turns: 1487, Time: 00:06:03

HP  30/30        AC 13     Str 17      XL: 3   Next: 53%
MP   2/2         EV  5     Int  9      God:
Gold 170         SH 18     Dex 12      Spells:  0 memorised,  2 levels left

Res.Fire  : . . .   See Invis. : .   a - +0 hand axe {=f}
Res.Cold  : . . .   Warding    : .   b - +0 scale mail
Life Prot.: . . .   Conserve   : .   c - +0 shield
Res.Poison: .       Res.Corr.  : .   (no helmet)
Res.Elec. : .       Clarity    : .   (no cloak)
Sust.Abil.: + .     Spirit.Shd : .   (no gloves)
Res.Mut.  : .       Stasis     : .   (no boots)
Res.Rott. : .       Ctrl.Telep.: .   (no amulet)
Saprovore : . . .   Flight     : .   l - ring of sustain abilities {unknown}
                                     e - +3 ring of protection

@: not resistant to hostile enchantments, extremely unstealthy
A: powered by pain 1, AC +4
a: no special abilities


You were on level 3 of the Dungeon.
You were starving.

You visited 1 branch of the dungeon, and saw 3 of its levels.

You collected 150 gold pieces.

Inventory:

Hand weapons
 a - a +0,+0 hand axe (weapon) {=f}
Armour
 b - a +0 scale mail (worn)
 c - a +0 shield (worn)
Comestibles
 d - 2 bread rations
 o - a choko
Scrolls
 h - a scroll of amnesia {unknown}
 i - 3 scrolls of identify {unknown}
 j - a scroll of recharging {unknown}
 k - 2 scrolls of fog {unknown}
 m - a scroll of curse weapon {unknown}
 n - a scroll of fear {unknown}
 p - a scroll of magic mapping {unknown}
 q - a scroll of enchant armour {unknown}
 r - a scroll of noise {unknown}
Jewellery
 e - a +3 ring of protection (left hand)
 f - a -3 ring of strength
 g - an uncursed ring of protection from fire {unknown}
 l - a ring of sustain abilities (right hand) {unknown}
Potions
 s - a potion of magic {unknown}
 t - a potion of curing {unknown}
 u - a potion of restore abilities {unknown}


   Skills:
 - Level 3.0 Fighting
 + Level 2.9 Axes
 - Level 3.1 Armour
 - Level 3.0 Shields


You had 2 spell levels left.
You didn't know any spells.

Dungeon Overview and Level Annotations

Branches:
Dungeon (3/27)

Altars:
Fedhas


Innate Abilities, Weirdness & Mutations

You are partially covered in iridescent scales (AC +4).
You sometimes gain a little power by taking damage.


Message History

You block the bat's attack. You block the bat's attack.
You hit the bat.
You kill the bat!
No target in view!
No target in view!
There is a stone staircase leading down here.
You climb downwards.
There is a stone staircase leading up here.
You open the door.
Found two leather armours.
No target in view!
No target in view!
There is an open door here.
You are starving!
No target in view!
No target in view!
No target in view!
You need to eat something NOW!
Are you sure you want to abandon this character and quit the game? (Confirm with "yes".)

##################
#...............<#
#.################
#.# #.# #.####'##
#......@#
#.......#
#.......#
#.....[.#
#.......# #.....[#
.$....# #+#+##


There were no monsters in sight!

Vanquished Creatures
  An adder (D:2)
  A giant mite (D:2)
  An ooze (D:1)
  4 giant cockroaches
  4 goblins
  3 hobgoblins (D:2)
  2 kobolds (D:2)
  9 bats
  3 giant newts
  5 rats
33 creatures vanquished.

Notes
Turn   | Place    | Note
--------------------------------------------------------------
     0 | D:1      | MarVin, the Demonspawn Fighter, began the quest for the Orb.
     0 | D:1      | Reached XP level 1. HP: 18/18 MP: 0/0
    69 | D:1      | hurdos: Hello
    80 | D:1      | MarVin: hi!
    99 | D:1      | hurdos: Why did you kill prev char?
   100 | D:1      | MarVin: trying to get a certain mutation ;)
   367 | D:1      | Gained mutation: You are partially covered in iridescent scales (AC +4). [demonic ancestry]
   367 | D:1      | Reached XP level 2. HP: 14/24 MP: 1/1
   398 | D:1      | hurdos: hmm... I think all Ds muts are good
   474 | D:1      | MarVin: nah some of them are not rly that nice, like empowered by pain if you are a fighter
   880 | D:2      | hurdos: I see
   992 | D:2      | Gained mutation: You sometimes gain a little power by taking damage. [demonic ancestry]
   992 | D:2      | Reached XP level 3. HP: 30/30 MP: 2/2
   999 | D:2      | Found a blossoming altar of Fedhas.
  1487 | D:3      | Quit the game

Action                   || total
-------------------------++-------
Melee: Hand axe          ||   144
  Use: Scroll            ||     1
